AoeStats
← JhordanST

Arabia

510033270Analyzed
1v1 RM · 2d ago on Sep 29, 2026· 36m 29s· 2 players
Game mode
Random Map
Map size
Tiny (2 player)
Population
200
Speed
Normal
Resources
Standard
Victory
Conquest
Starting age
Dark Age
Ending age
Imperial Age
RankedLock teamsTeams togetherTeam positionsShared explorationLock speedFull tech treeHidden civsTurbo modeCheats
Victory
Defeat
🇵🇪 Britons · Peru
949
+16
🇦🇷 Vikings · Argentina
956
-16
JhordanST
9:25 Feudal Age
10:40 Double-Bit Axe
20:21 Castle Age
19:09 Fletching
20:43 Padded Archer Armor
21:11 Crossbowman
22:05 Gold Mining
22:44 Bodkin Arrow
24:37 Ballistics
25:04 Bow Saw
26:48 Wheelbarrow
28:49 Leather Archer Armor
35:58 Imperial Age
34:12 Town Watch
36:32 Hand Cart
diegolalms
4:50 Loom
9:02 Feudal Age
10:35 Double-Bit Axe
21:45 Castle Age
20:45 Fletching
21:04 Gold Mining
21:34 Padded Archer Armor
22:42 Bow Saw
22:43 Crossbowman
24:02 Bodkin Arrow
27:24 Elite Skirmisher
34:16 Horse Collar
Connection lost

Rejoining the realm…

Still unreachable

The connection could not be restored.

Session expired

The server has moved on; the page needs a fresh start.